groovejumper, neutral female human Wizard # ------------.--- ----- ---------------# )#................# |<..| |%%.%%%.%%%.(.|@ ###|..............| # |...| |%%%%%.%%%(..%|h0 ###......[.[.......##########-...| |%%.%%(]%%%..%| ###[-----)----.----- # ----- |%((%%%(......| # ## ## ## |.%%%%%%%%.[(.-######## # # # --------------- # # ### ### ### # # # # # ################ ### # . ########## #------# ..| ---.---- ###|....|# |...| |......| ----- # |....-# |(..| |.)....| |...| ### |....| |...| |......| |..>| # ------ |...| -------- |....########## ----- ----- groovejumper the Thaumaturge Experience level: 6 Strength: 12 Dexterity: 12 Constitution: 14 Intelligence: 18 Wisdom: 9 Charisma: 10 Health: 0(48) Energy: 42(42) AC: 7 Gold: 823 Moves: 2348 Your Inventory: Coins $ - 823 gold pieces Weapons a - a blessed +1 quarterstaff (weapon in hands) Armor b - an uncursed +0 cloak of magic resistance (being worn) G - an [uncursed] +0 pair of hard shoes [iron] (being worn) Scrolls i - an uncursed scroll of punishment j - an uncursed scroll of genocide k - an uncursed scroll of destroy armor F - an [uncursed] scroll labeled KO BATE [of teleportation] Spellbooks l - a blessed spellbook of force bolt m - an uncursed spellbook of haste self B - a [cursed] left-handed spellbook [of magic mapping] W - an [uncursed] tattered spellbook [of cause fear] Potions f - an uncursed potion of sickness h - an uncursed potion of speed Rings d - an uncursed ring of warning e - an uncursed ring of invisibility r - an [uncursed] plain ring [of stealth] Wands c - an uncursed wand of opening (0:8) p - an [uncursed] curved wand [of create monster (0:15)] w - an [uncursed] cedar wand [of light (0:15)] Tools x - an [uncursed] tin whistle A - an [uncursed] drum [(of earthquake) (0:6)] D - an [uncursed] towel Spells known in the end: Name Level Category Fail Memory a - force bolt 1 attack 0% [||||||||] b - haste self 3 escape 82% [||||||||] Your skills at the end: Fighting Skills Weapon Skills quarterstaff [Basic / Expert] Spellcasting Skills attack spells [Basic / Expert] enchantment spells [Basic / Skilled] Final Attributes: You were piously aligned. Hunger level was 486. Your alignment was 20 / 21. Monster difficulty range was 0 - 5. Level difficulty was 5. You were magic-protected. Your luck was zero. You are dead. Vanquished creatures: a ghost 2 rock moles a gray ooze a kitten a dwarf 2 hill orcs an acid blob 2 gas spores 2 hobbits a large kobold 2 hobgoblins a cave spider a yellow mold 6 gnomes 3 geckos 8 jackals a kobold 4 grid bugs 3 lichens 4 newts 47 creatures vanquished. Voluntary challenges: You were an atheist. You used a wielded weapon 52 times. You read items or engraved 8 times. You put on armor 2 times. You never genocided any monsters. You never polymorphed an object. You never changed form. You used no wishes. You never wrote Elbereth's name. You encountered 2 bones levels. You never used any Sokoban shortcuts. Dungeon overview: The Dungeons of Doom: levels 1 to 5 Level 1 a long staircase Level 3 a music store stairs to The Gnomish Mines Level 5 <- You were here a tin shop The Gnomish Mines: Level 4 stairs to The Dungeons of Doom History has recorded: On T:1 you entered the Dungeons of Doom to retrieve the Amulet of Yendor! On T:272 you reached level 2 of The Dungeons of Doom. On T:828 you reached level 3 of The Dungeons of Doom. On T:1046 you advanced to experience level 2. On T:1279 you reached level 1 of The Gnomish Mines. On T:1283 you advanced to experience level 3. On T:1293 you advanced to experience level 4. On T:1380 you reached level 4 of The Dungeons of Doom. On T:1474 you advanced to experience level 5. On T:1840 you reached level 5 of The Dungeons of Doom. On T:2043 you advanced to experience level 6. Latest messages: This jackal corpse tastes terrible! [HP+1=38] You finish eating the jackal corpse. [HP+1=39] [8 turns] You feel a wrenching sensation. Your surroundings suddenly seem different. You can move again. [HP+1=40] [6 turns] The dwarf lord swings his broad pick. The dwarf lord hits! The dwarf lord swings his broad pick. The dwarf lord hits! [HP-24=16] You miss the dwarf lord. (2x) The dwarf lord swings his broad pick. The dwarf lord hits! You die... Final status: Goodbye groovejumper the Wizard... You died in The Dungeons of Doom on dungeon level 5 with 2339 points, and 823 pieces of gold, after 2348 moves. You were level 6 with a maximum of 48 hit points when you died.